 Dungeon Crawl Stone Soup version 0.20.0-10-g0535bb4 (webtiles) character file.

629 kuniqs the Skirmisher (level 7, 0/37 HPs)
             Began as a Vine Stalker Fighter on June 3, 2017.
             Was an Initiate of Fedhas.
             Slain by a wyvern (5 damage)
             ... on level 6 of the Dungeon.
             The game lasted 00:05:37 (3755 turns).

kuniqs the Skirmisher (Vine Stalker Fighter)        Turns: 3755, Time: 00:05:38

Health: 0/37       AC: 15    Str: 21    XL:     7   Next: 48%
Magic:  0/9        EV:  5    Int:  8    God:    Fedhas [......]
Gold:   278        SH:  9    Dex: 13    Spells: 6/6 levels left

rFire    . . .     SeeInvis .   a - +0 rapier
rCold    . . .     Gourm    .   c - +0 shield
rNeg     . . .     Faith    .   i - +0 plate armour
rPois    .         Spirit   +   o - +1 helmet
rElec    .         Reflect  .   (no cloak)
rCorr    .         Harm     .   (no gloves)
MR       .....                  p - +0 pair of boots
Stlth    ..........             (no amulet)
Regen    0.6/turn               (no ring)
MPRegen  0.2/turn               (no ring)

@: no status effects
A: fangs 2, regeneration 1, magic shield, antimagic bite, no potion heal 3, rot
immunity
a: Fungal Bloom, Renounce Religion


You were on level 6 of the Dungeon.
You worshipped Fedhas.
Fedhas was noncommittal.
You were not hungry.

You visited 1 branch of the dungeon, and saw 6 of its levels.

You collected 278 gold pieces.

Inventory:

Hand Weapons
 a - a +0 rapier (weapon)
Armour
 c - a +0 shield (worn)
 i - a +0 plate armour (worn)
 o - a +1 helmet (worn)
 p - a +0 pair of boots (worn)
Jewellery
 x - a +2 ring of dexterity {unknown}
 D - an uncursed amulet of regeneration {unknown}
Wands
 v - a wand of scattershot (7/9)
 A - a wand of digging (17/24)
 E - a wand of confusion (13/48)
Scrolls
 g - a scroll of immolation {unknown}
 h - 4 scrolls of remove curse {unknown}
 k - a scroll of magic mapping {unknown}
 r - 6 scrolls of identify {unknown}
 s - a scroll of enchant armour {unknown}
 y - a scroll of noise {unknown}
 z - a scroll of enchant weapon {unknown}
 C - 2 scrolls of recharging {unknown}
 G - a scroll of fear {unknown}
Potions
 b - a potion of agility {unknown}
 f - 4 potions of might
 j - a potion of resistance {unknown}
 l - a potion of cancellation {unknown}
 m - a potion of ambrosia {unknown}
 n - a potion of invisibility {unknown}
 q - a potion of curing {unknown}
 t - a potion of haste
 u - a potion of flight {unknown}
 w - a potion of berserk rage {unknown}
 B - a potion of brilliance {unknown}
Comestibles
 d - 3 bread rations
 e - 3 meat rations
 F - a chunk of flesh


   Skills:
 + Level 4.0 Fighting
 + Level 3.4 Short Blades
 + Level 3.8 Armour
 + Level 2.2 Dodging
 + Level 3.9 Shields
 + Level 2.2 Invocations


You had 6 spell levels left.
You didn't know any spells.

Dungeon Overview and Level Annotations

Branches:
Dungeon (6/15)             Temple (0/1) D:4

Altars:
Cheibriados
Dithmenos
Fedhas
Gozag
Nemelex Xobeh
Xom
The Shining One

Shops:
D:4 (

Annotations:
D:5 Dowan, Duvessa


Innate Abilities, Weirdness & Mutations

You have extremely sharp teeth.
Your natural rate of healing is unusually fast.
When hurt, damage is shared between your health and your magic reserves.
Your bite disrupts and absorbs the magic of your enemies.
Potions cannot restore your health.
You are immune to rotting.


Message History

The wyvern bites you but does no damage.
You hit the wyvern but do no damage. You bite the wyvern. You drain its power.
You feel invigorated.
The wyvern is moderately wounded.
The wyvern bites you but does no damage.
The wyvern bites you!
You puncture the wyvern!
The wyvern is severely wounded.
The wyvern completely misses you.
You hit the wyvern but do no damage. You bite the wyvern, but do no damage.
The wyvern is severely wounded.
The wyvern bites you. The wyvern bites you!
* * * LOW HITPOINT WARNING * * *
You hit the wyvern but do no damage. You bite the wyvern. You drain its power.
You feel invigorated.
The wyvern is severely wounded.
The wyvern bites you but does no damage.
The wyvern bites you!
You die...
Fedhas appreciates your contribution to the ecosystem.

....#......#### ##...##
.##.⌠.⌠.......#### ##.....##
.##.._...........#####.......#
.###⌠.⌠.....##......#........#
.# ##........###......##....##
.# #.<......# #.....####.###
.# #.......## #.###.# ### ##
#.......# #.# #.# # ##.######
#@# ### # #.# #l.# ## ###
#.... .## #....# ..### #.....#
#...## ##....# ###..### ....#
##...# ##..# ##..#


You could see a wyvern.

Vanquished Creatures
  A phantom (D:4)
  An ogre (D:6)
  A jelly (D:5)
  A crimson imp (D:6)
  A hound (D:6)
  An orc wizard (D:4)
  An orc priest (D:4)
  3 worker ants (D:4)
  10 adders
  A shadow imp (D:5)
  An ooze (D:2)
  2 adder skeletons
  3 worms
  2 dart slugs
  4 leopard geckos
  10 orcs
  11 bats
  4 giant cockroaches
  10 goblins
  8 hobgoblins
  10 jackals
  A quokka (D:4)
  A ball python (D:1)
  2 frilled lizards
  7 kobolds
  11 rats
108 creatures vanquished.

Vanquished Creatures (others)
  17 toadstools
17 creatures vanquished.

Grand Total: 125 creatures vanquished

Notes
Turn   | Place    | Note
-------+----------+-------------------------------------------
     0 | D:1      | kuniqs the Vine Stalker Fighter began the quest for the Orb.
     0 | D:1      | Reached XP level 1. HP: 11/11 MP: 2/2
    93 | D:1      | Reached XP level 2. HP: 13/16 MP: 3/3
   540 | D:1      | Reached XP level 3. HP: 19/19 MP: 4/4
   797 | D:2      | Reached skill level 3 in Fighting
   868 | D:2      | Reached skill level 1 in Dodging
  1137 | D:2      | Gained mutation: Your natural rate of healing is unusually fast. [Vine Stalker growth]
  1137 | D:2      | Reached XP level 4. HP: 24/24 MP: 5/5
  1705 | D:3      | Reached XP level 5. HP: 28/28 MP: 6/6
  2137 | D:3      | Found a blossoming altar of Fedhas.
  2351 | D:3      | Became a worshipper of Fedhas Madash
  2459 | D:4      | Found Izofif's Antique Weapon Emporium.
  2571 | D:4      | Noticed a phantom
  2617 | D:4      | Killed a phantom
  2617 | D:4      | Reached skill level 1 in Invocations
  2617 | D:4      | Reached XP level 6. HP: 28/33 MP: 7/7
  2674 | D:4      | Found a staircase to the Ecumenical Temple.
  3160 | D:5      | Entered Level 5 of the Dungeon
  3256 | D:5      | Reached XP level 7. HP: 37/37 MP: 9/9
  3470 | D:5      | Noticed Duvessa
  3471 | D:5      | Noticed Dowan
  3512 | D:6      | Found a sparkling altar of Nemelex Xobeh.
  3541 | D:6      | Reached skill level 4 in Fighting
  3594 | D:6      | Found a shimmering altar of Xom.
  3599 | D:6      | Found a glowing golden altar of the Shining One.
  3600 | D:6      | Found a snail-covered altar of Cheibriados.
  3600 | D:6      | Found a blossoming altar of Fedhas.
  3602 | D:6      | Found an opulent altar of Gozag.
  3604 | D:6      | Found a shadowy altar of Dithmenos.
  3746 | D:6      | Noticed a wyvern
  3755 | D:6      | Slain by a wyvern

Skill      XL: |  1  2  3  4  5  6  7 |
---------------+----------------------+-----
Short Blades   | 2 3 |  3.4
Fighting       | 3 4 |  4.0
Dodging        | 1 2 |  2.2
Armour         | 3 |  3.8
Shields        | 3 |  3.9
Invocations    | 1 2 |  2.2

Action                   |  1- 3 |  4- 6 |  7- 9 || total
-------------------------+-------+-------+-------++-------
Melee: Rapier            |   102 |   277 |    53 ||   432
       Bite              |    26 |    73 |    14 ||   113
Invok: Fungal Bloom      |       |     4 |     1 ||     5
  Eat: Chunk             |       |     7 |     3 ||    10
Armor: Chain mail        |    69 |     2 |       ||    71
       Scale mail        |     1 |       |       ||     1
       Plate armour      |       |   140 |    23 ||   163
Dodge: Dodged            |    27 |    53 |     7 ||    87
Block: Shield            |    54 |   121 |    20 ||   195
